 Dungeon Crawl Stone Soup version 0.30-a0-728-gc68057be0a (webtiles) character file.

Game seed: 9394142648091441651

1824 Strat the Cudgeller (level 9, -1/61 (69) HPs)
             Began as a Gnoll Reaver on Jan 31, 2023.
             Slain by a wight
             ... wielding a +5 mace of freezing
              (11 damage)
             ... on level 6 of the Dungeon.
             The game lasted 00:10:55 (5444 turns).

Strat the Cudgeller (Gnoll Reaver)                  Turns: 5444, Time: 00:10:55

HP:   -1/61 (69)    AC:  9    Str: 16    XL:     9   Next: 11%
MP:   17/18         EV: 14    Int: 13    God:
Gold: 201           SH:  0    Dex: 16    Spells: 15/21 levels left

rFire   + . .      SeeInvis .    a - +3 flail (venom)
rCold   . . .      Faith    .    (no shield)
rNeg    . . .      Spirit   .    r - +2 leather armour {rF+}
rPois   .          Reflect  .    (no helmet)
rElec   .          Harm     .    (no cloak)
rCorr   .          Rampage  .    (no gloves)
Will    .....                    (no boots)
Stlth   ++                       c - amulet of the acrobat
HPRegen 0.30/turn                e - +6 ring of dexterity
MPRegen 0.16/turn                w - +4 ring of protection

@: heavily drained
A: fangs 1, strong nose, distributed training
a: no special abilities


You were on level 6 of the Dungeon.
You visited 1 branch of the dungeon, and saw 6 of its levels.
You also visited: Sewer.

You collected 231 gold pieces.
You spent 30 gold pieces at shops.

Inventory:

Hand Weapons
 a - a +3 flail of venom (weapon)
Missiles
 o - 2 curare-tipped darts
 y - 2 throwing nets
Armour
 d - a +0 buckler
 h - a +0 kite shield
 r - a +2 leather armour of fire resistance (worn)
Jewellery
 c - an amulet of the acrobat (around neck)
 e - a +6 ring of dexterity (left hand)
 j - a ring of see invisible
 u - a ring of willpower
 w - a +4 ring of protection (right hand)
Wands
 t - a wand of roots (12)
 B - a wand of digging (7)
Scrolls
 f - 2 scrolls of fear
 l - a scroll of magic mapping
 A - a scroll of amnesia
Potions
 b - 2 potions of haste
 g - a potion of heal wounds
 i - a potion of magic
 k - 2 potions of lignification
 m - a potion of brilliance {unknown}
 n - 7 potions of flight
 p - 5 potions of curing
 q - 4 potions of invisibility
 s - 2 potions of degeneration {unknown}
 v - a potion of mutation {unknown}
 z - a potion of cancellation {unknown}


   Skills:
 + Level 6.2 Fighting
 + Level 4.0 Short Blades
 + Level 4.0 Long Blades
 + Level 4.0 Axes
 + Level 7.8 Maces & Flails
 + Level 4.0 Polearms
 + Level 4.0 Staves
 + Level 4.0 Ranged Weapons
 + Level 4.0 Throwing
 + Level 4.0 Armour
 + Level 6.2 Dodging
 + Level 4.0 Stealth
 + Level 4.0 Shields
 + Level 4.0 Unarmed Combat
 + Level 6.5 Spellcasting
 + Level 6.4 Conjurations
 + Level 3.3 Hexes
 + Level 3.3 Summonings
 + Level 3.3 Necromancy
 + Level 3.3 Translocations
 + Level 3.3 Transmutations
 + Level 3.3 Fire Magic
 + Level 3.3 Ice Magic
 + Level 3.3 Air Magic
 + Level 3.3 Earth Magic
 + Level 3.3 Poison Magic
 + Level 4.5 Invocations
 + Level 4.0 Evocations


You had 15 spell levels left.
You knew the following spells:

 Your Spells              Type           Power      Damage    Failure   Level
a - Kiss of Death         Conj/Necr      68%        2d10      2%          1
b - Momentum Strike       Conj/Tloc      34%        3d8       3%          2
c - Hailstorm             Conj/Ice       17%        3d6       8%          3

Your spell library contained the following spells:

 Spells                   Type           Power      Damage    Failure   Level
 Lesser Beckoning         Tloc           24%        N/A       8%          2
 Gell's Gravitas          Tloc           12%        N/A       14%         3
 Teleport Other           Tloc           12%        N/A       14%         3
 Dispersal                Tloc           6%         N/A       100%        6


Dungeon Overview and Level Annotations

Branches:
Dungeon (6/15)              Sewer (visited)
 Temple: D:4-7

Altars:
The Shining One

Shops:
D:1 !

Annotations:
D:6 1 transporter


Innate Abilities, Weirdness & Mutations

You have very sharp teeth.
Your uncanny sense of smell can sniff out nearby items.
Your experience applies equally to all skills.


Message History

There is a stone staircase leading up here.
Casting: Momentum Strike (safe; 3% risk of failure)
Confirm with . or Enter, or press ? or * to list all spells.
Aiming: Momentum Strike (safe; 3% risk of failure)
Press: ? - help, Dir - move target, f - wight
Aim: a wight, wielding a +3 hand axe and wearing a +0 robe (71% to hit)
The concentrated momentum hits the wight!!
You destroy the wight!
You are unable to move.
You barely miss the wight.
The wight hits you with a +5 mace of freezing.
You feel drained. The wight freezes you.
You hit the wight but do no damage. You bite the wight.
The wight is lightly damaged.
The wight barely misses you.
You closely miss the wight. You bite the wight.
The wight is lightly damaged.
The wight hits you with a +5 mace of freezing.
You feel drained. The wight freezes you.
You closely miss the wight.
The wight is lightly damaged.
You are no longer robbed of momentum.
The wight hits you with a +5 mace of freezing!
* * * LOW HITPOINT WARNING * * *
You feel drained.
* * * LOW HITPOINT WARNING * * *
The wight freezes you.
* * * LOW HITPOINT WARNING * * *
You thump the wight! You punch the wight, but do no damage.
The wight is almost destroyed.
The wight hits you with a +5 mace of freezing!
* * * LOW HITPOINT WARNING * * *
You feel drained.
* * * LOW HITPOINT WARNING * * *
The wight freezes you.
* * * LOW HITPOINT WARNING * * *
You barely miss the wight.
The wight is almost destroyed.
The wight hits you with a +5 mace of freezing!
You die...

########### #.........#
#.........# #.........#
#.........#
#.........##########
#.........z)#......#
#......).@#........#.
#......)).###........
#>........# #........
###..###### #........ #.#
##z....... #.# ###........#
###.# ##..........#
.######...#####.z.........#
.....#...##.z...#.......##


You could see a wight.

Vanquished Creatures
  Prince Ribbit (D:5)
  Sigmund (D:5)
  Duvessa (D:4)
  A black bear (D:5)
  2 ice beasts
  4 kobold brigands
  A scorpion (D:5)
  A wight (D:6)
  Dowan (D:4)
  2 hounds (D:5)
  A gnoll bouda (D:5)
  4 orc priests
  Ijyb (D:4)
  Terence (D:2)
  An iguana (D:5)
  Natasha (thrice) (D:4)
  2 orc wizards (D:5)
  7 gnolls
  4 adders
  2 river rats (Sewer)
  2 ufetubi
  2 worms (D:2)
  A dart slug (D:3)
  11 orcs
  8 ball pythons
  7 endoplasms
  4 giant cockroaches
  7 goblins
  6 hobgoblins
  5 jackals
  19 kobolds
  6 quokkas
  9 bats
  5 frilled lizards
  7 rats
140 creatures vanquished.

Vanquished Creatures (others)
  A plant (D:6)
1 creature vanquished.

Grand Total: 141 creatures vanquished

Notes
Turn   | Place    | Note
-------+----------+-------------------------------------------
     0 | D:1      | Strat the Gnoll Reaver began the quest for the Orb.
     0 | D:1      | Reached XP level 1. HP: 20/20 MP: 6/6
    82 | D:1      | Reached XP level 2. HP: 22/26 MP: 7/7
   156 | D:1      | Learned a level 2 spell: Momentum Strike
   428 | D:1      | Reached skill level 5 in Spellcasting
   428 | D:1      | Reached XP level 3. HP: 31/31 MP: 7/9
   467 | D:1      | Learned a level 3 spell: Hailstorm
   559 | D:1      | Found Qut Otoq's Distillery.
   567 | D:1      | Bought a potion of curing for 30 gold pieces
   765 | D:1      | Reached skill level 1 in Invocations
   901 | D:2      | Noticed Terence
   927 | D:2      | Killed Terence
   928 | D:2      | Reached skill level 1 in Short Blades
   928 | D:2      | Reached skill level 1 in Long Blades
   928 | D:2      | Reached skill level 1 in Axes
   928 | D:2      | Reached skill level 1 in Polearms
   928 | D:2      | Reached skill level 1 in Staves
   928 | D:2      | Reached skill level 1 in Ranged Weapons
   928 | D:2      | Reached skill level 1 in Throwing
   928 | D:2      | Reached skill level 1 in Armour
   928 | D:2      | Reached skill level 1 in Stealth
   928 | D:2      | Reached skill level 1 in Shields
   928 | D:2      | Reached skill level 1 in Unarmed Combat
   928 | D:2      | Reached skill level 1 in Evocations
   928 | D:2      | Reached XP level 4. HP: 18/38 MP: 4/11
  1098 | D:2      | Reached skill level 1 in Hexes
  1098 | D:2      | Reached skill level 1 in Summonings
  1098 | D:2      | Reached skill level 1 in Necromancy
  1098 | D:2      | Reached skill level 1 in Translocations
  1098 | D:2      | Reached skill level 1 in Transmutations
  1098 | D:2      | Reached skill level 1 in Fire Magic
  1098 | D:2      | Reached skill level 1 in Ice Magic
  1098 | D:2      | Reached skill level 1 in Air Magic
  1098 | D:2      | Reached skill level 1 in Earth Magic
  1098 | D:2      | Reached skill level 1 in Poison Magic
  1627 | D:2      | Reached XP level 5. HP: 32/43 MP: 10/12
  2664 | D:4      | Noticed Natasha
  2868 | D:4      | Noticed Duvessa
  2868 | D:4      | Noticed Dowan
  3073 | D:4      | Found a glowing golden altar of the Shining One.
  3171 | D:4      | Found a glowing drain.
  3175 | Sewer    | Entered a sewer
  3255 | Sewer    | Reached XP level 6. HP: 46/46 MP: 13/13
  3268 | Sewer    | Reached skill level 5 in Fighting
  3268 | Sewer    | Reached skill level 5 in Dodging
  3348 | Sewer    | Found a white marble altar of Elyvilon.
  3404 | D:4      | Killed Natasha
  3419 | D:4      | Noticed Ijyb
  3429 | D:4      | Killed Ijyb
  3749 | D:4      | Noticed Natasha
  3753 | D:4      | Killed Natasha
  3754 | D:4      | Reached skill level 7 in Maces & Flails
  3754 | D:4      | Reached XP level 7. HP: 44/45 MP: 15/15
  3757 | D:4      | Killed Dowan
  3825 | D:4      | Killed Duvessa
  3856 | D:4      | Noticed Natasha
  3859 | D:4      | Killed Natasha
  3944 | D:5      | Entered Level 5 of the Dungeon
  4120 | D:5      | Noticed Prince Ribbit
  4140 | D:5      | Killed Prince Ribbit
  4141 | D:5      | Reached XP level 8. HP: 16/60 MP: 13/16
  4923 | D:5      | Noticed Sigmund
  4934 | D:5      | Killed Sigmund
  5148 | D:6      | Found a transporter.
  5360 | D:6      | Reached XP level 9. HP: 69/69 MP: 18/18
  5444 | D:6      | Slain by a wight

Illustrated notes

Levels and vault maps discovered:
D:1:      tekkud_arrival_beachfront_property, layout_rooms, serial_shops, shop
D:2:      layout_basic, uniq_terence
D:3:      layout_basic
D:4:      layout_loops_ring, tso_metal_star, gup_sewer_entry_bowl, uniq_ijyb,
          uniq_natasha, uniq_duvessa
D:5:      layout_loops_corners, uniq_prince_ribbit1, uniq_sigmund
D:6:      layout_rooms, minmay_temple_entry_overgrown,
          gammafunk_ghost_abyssal_escape

Skill      XL: |  1  2  3  4  5  6  7  8  9 |
---------------+----------------------------+-----
Spellcasting   | 5 6 |  6.5
Invocations    | 1 2 3 4 |  4.5
Short Blades   | 1 2 3 4 |  4.0
Long Blades    | 1 2 3 4 |  4.0
Axes           | 1 2 3 4 |  4.0
Polearms       | 1 2 3 4 |  4.0
Staves         | 1 2 3 4 |  4.0
Ranged Weapons | 1 2 3 4 |  4.0
Throwing       | 1 2 3 4 |  4.0
Armour         | 1 2 3 4 |  4.0
Stealth        | 1 2 3 4 |  4.0
Shields        | 1 2 3 4 |  4.0
Unarmed Combat | 1 2 3 4 |  4.0
Evocations     | 1 2 3 4 |  4.0
Hexes          | 1 2 3 |  3.3
Summonings     | 1 2 3 |  3.3
Necromancy     | 1 2 3 |  3.3
Translocations | 1 2 3 |  3.3
Transmutations | 1 2 3 |  3.3
Fire Magic     | 1 2 3 |  3.3
Ice Magic      | 1 2 3 |  3.3
Air Magic      | 1 2 3 |  3.3
Earth Magic    | 1 2 3 |  3.3
Poison Magic   | 1 2 3 |  3.3
Fighting       | 5 6 |  6.2
Dodging        | 5 6 |  6.2
Maces & Flails | 7 |  7.8
Conjurations   | 6 |  6.4

Action                     |  1- 3 |  4- 6 |  7- 9 || total
---------------------------+-------+-------+-------++-------
  Melee: Mace              |   114 |    44 |       ||   158
         Bite              |     7 |    13 |    16 ||    36
         Flail             |       |   121 |   128 ||   249
         Punch             |       |     3 |     4 ||     7
   Cast: Momentum Strike   |     2 |     8 |     3 ||    13
         Kiss of Death     |       |     2 |     3 ||     5
  Evoke: Wand              |       |       |     2 ||     2
    Use: Potion            |     1 |       |     1 ||     2
         Scroll            |       |    10 |     5 ||    15
   Stab: Sleeping          |       |     5 |     4 ||     9
 Armour: Leather armour    |    45 |    43 |    48 ||   136
  Dodge: Dodged            |    96 |   140 |    93 ||   329

Table legend: (Time is in decaauts)
 A = Elapsed time spent in this place.
 B = Non-inter-level travel time spent in this place.
 C = Inter-level travel time spent in this place.
 D = Time resting spent in this place.
 E = Time spent auto-exploring this place.
 F = Levels seen in this place.
 G = Mean time per level.
                   A        B        C        D        E       F      G
               +--------+--------+--------+--------+--------+-----+--------+
         Total |   5499 |   5179 |    320 |    500 |   3277 |   7 |  785.6 |
       Dungeon |   5256 |   4936 |    320 |    500 |   3111 |   6 |  876.0 |
         Sewer |    243 |    243 |      0 |      0 |    166 |   1 |  243.0 |
               +--------+--------+--------+--------+--------+-----+--------+

Top non-repeatable levels by time:
     D:5: 1297 daAuts
     D:4: 1039 daAuts
     D:2: 1017 daAuts
     D:1: 921 daAuts
     D:3: 773 daAuts
   Sewer: 243 daAuts
     D:6: 206 daAuts
